 Dungeon Crawl Stone Soup version 0.29.1-12-g30fa7ad0bf (webtiles) character file.

Game seed: 15055844396613994814

204 FexLirch the Twirler (level 5, -11/50 HPs)
             Began as a Troll Fighter on Dec 14, 2022.
             Was a Priest of Uskayaw.
             Mangled by an iguana (12 damage)
             ... on level 5 of the Dungeon.
             The game lasted 00:07:09 (2246 turns).

FexLirch the Twirler (Troll Fighter)                Turns: 2246, Time: 00:07:11

Health: -11/50     AC:  4    Str: 22    XL:     5   Next: 52%
Magic:  1/1        EV: 10    Int:  7    God:    Uskayaw [***...]
Gold:   93         SH:  0    Dex:  9    Spells: 4/4 levels left

rFire   + + +      SeeInvis .   j - +9 quarterstaff of Proximity {antimagic, rF+++ rCorr Str-4 Int+3}
rCold   . . .      Faith    .   (shield currently unavailable)
rNeg    . . .      Spirit   .   a - +0 robe
rPois   .          Reflect  .   (helmet restricted)
rElec   .          Harm     .   (no cloak)
rCorr   +          Rampage  .   (gloves unavailable)
Will    .....                   (boots unavailable)
Stlth   +.........              (no amulet)
HPRegen 0.96/turn               (no ring)
MPRegen 0.07/turn               (no ring)

@: brilliant, flying
A: large, unfitting armour, claws 3, regeneration 1, shaggy fur 1, tough skin 1
a: Renounce Religion, Stomp, Line Pass


You were on level 5 of the Dungeon.
You worshipped Uskayaw.
Uskayaw was noncommittal.
You visited 1 branch of the dungeon, and saw 5 of its levels.

You collected 93 gold pieces.

Inventory:

Hand Weapons
 j - the +9 quarterstaff of Proximity (weapon) {antimagic, rF+++ rCorr Str-4 Int+3}
   (You found it on level 2 of the Dungeon)

   It reduces the magical energy of the wielder, and disrupts the spells and
   magical abilities of those it strikes.
   Natural abilities and divine invocations are not affected.
   Str:       It affects your strength (-4).
   Int:       It affects your intelligence (+3).
   rF:        It renders you almost immune to fire.
   rCorr:     It protects you from acid and corrosion.
Missiles
 d - 2 boomerangs (quivered)
Armour
 a - a +0 robe (worn)
 b - a +0 kite shield
Jewellery
 m - a +4 ring of slaying
 r - a ring of see invisible
 w - the amulet of False Pretenses {Reflect rF+ SH+5}
   (You found it on level 3 of the Dungeon)

   [amulet of reflection]

   It reflects blocked missile attacks.
   rF:        It protects you from fire.
   SH:        It affects your SH (+5).
Wands
 v - a wand of roots (11)
Scrolls
 e - a scroll of amnesia {unknown}
 f - 6 scrolls of identify {unknown}
 n - a scroll of magic mapping {unknown}
 o - a scroll of fear {unknown}
 p - a scroll of fog {unknown}
 q - a scroll of torment {unknown}
 u - a scroll of enchant armour {unknown}
Potions
 c - a potion of might
 g - a potion of brilliance
 h - a potion of invisibility {unknown}
 i - a potion of berserk rage {unknown}
 k - a potion of flight
 l - a potion of haste {unknown}
 s - 2 potions of curing {unknown}
 t - a potion of lignification {unknown}


   Skills:
 - Level 2.4 Fighting
 + Level 3.8 Staves
 - Level 2.4 Dodging
 - Level 3.0 Shields
 - Level 2.9 Unarmed Combat


You had 4 spell levels left.
You didn't know any spells.
Your spell library contained the following spells:

 Spells                   Type           Power      Damage    Failure   Level
 Scorch                   Fire           0%         2d5       56%         2
 Flame Wave               Conj/Fire      0%         2d4       99%         4
 Summon Cactus Giant      Summ           0%         N/A       100%        6


Dungeon Overview and Level Annotations

Branches:
Dungeon (5/15)
 Temple: D:4-7

Altars:
Elyvilon
Makhleb
Ru
Uskayaw
Xom


Innate Abilities, Weirdness & Mutations

You are too large for most types of armour.
You have claws for hands.
Your natural rate of healing is unusually fast.
You are covered in fur. (AC +1)
You have tough skin. (AC +1)


Message History

You hit the orc wizard.
The orc wizard's magic leaks into the air.
The orc wizard is severely wounded.
The orc wizard falters for a moment.
The orc hits you with a +0 hand axe. The iguana closely misses you.
The orc hits you with a +0 whip. The orc barely misses you.
Uskayaw will force your foes to helplessly watch your dance.
Unknown command.
You sock the orc wizard!
You kill the orc wizard!
The orc barely misses you. The orc closely misses you.
The iguana closely misses you. The orc closely misses you. x2
The iguana closely misses you. The orc hits you with a +0 whip.
The orc hits you with a +0 hand axe.
Unknown command.
Unknown command.
You sock the orc!
You kill the orc!
The orc hits you but does no damage. The orc hits you with a +0 whip.
* * * LOW HITPOINT WARNING * * *
The iguana bites you!
* * * LOW HITPOINT WARNING * * *
Unknown command.
Okay, then.
Unknown command.
It was a potion of brilliance.
You feel clever all of a sudden. The orc hits you with a +0 hand axe.
* * * LOW HITPOINT WARNING * * *
The iguana bites you but does no damage.
The orc hits you with a +0 whip.
* * * LOW HITPOINT WARNING * * *
Uskayaw prepares the audience for your solo!
It was a potion of flight.
You feel very buoyant.
You fly up into the air.
The orc is no longer paralysed. x2
The iguana is no longer paralysed.
The orc hits you with a +0 hand axe.
* * * LOW HITPOINT WARNING * * *
The iguana bites you!
You die...

$...........
#.......... #.........
#............#.......
#......#.#..#.......
#......#.#..#......##
#..l)).#.............
#..o@..#.............
#..o...#.............
#......#...........[.
#.....................
#.........##.#'###....
#............#........
#............#........
#.....#......#...))...
#.....#####..#....)...


You could see an iguana and 2 orcs.

Vanquished Creatures
  4 orc wizards (D:5)
  An adder (D:3)
  3 gnolls (D:2)
  2 dart slugs (D:2)
  3 orcs
  5 ball pythons
  4 endoplasms
  2 giant cockroaches
  6 goblins
  5 hobgoblins
  8 jackals
  4 kobolds
  2 quokkas (D:2)
  2 bats
  3 frilled lizards
  7 rats
61 creatures vanquished.

Vanquished Creatures (others)
  A plant (D:2)
1 creature vanquished.

Grand Total: 62 creatures vanquished

Notes
Turn   | Place    | Note
-------+----------+-------------------------------------------
     0 | D:1      | FexLirch the Troll Fighter began the quest for the Orb.
     0 | D:1      | Reached XP level 1. HP: 22/22 MP: 0/0
    55 | D:1      | Reached XP level 2. HP: 29/29 MP: 1/1
   716 | D:2      | Identified the +9 quarterstaff of Proximity {antimagic,
                  | rF+++ rCorr Str-4 Int+3}
   815 | D:2      | Reached XP level 3. HP: 36/36 MP: 0/2
   847 | D:2      | Reached skill level 1 in Staves
  1095 | D:2      | Reached XP level 4. HP: 44/44 MP: 1/3
  1407 | D:3      | Found a shimmering altar of Xom.
  1839 | D:3      | Identified the amulet of False Pretenses {Reflect rF+ SH+5}
  1845 | D:3      | Found a burning altar of Makhleb.
  1845 | D:3      | Found a hide-covered altar of Uskayaw.
  1852 | D:3      | Became a worshipper of Uskayaw the Reveller
  2101 | D:4      | Found a white marble altar of Elyvilon.
  2135 | D:4      | Reached * piety under Uskayaw
  2140 | D:4      | Noticed an ogre
  2157 | D:4      | Found a sacrificial altar of Ru.
  2183 | D:5      | Entered Level 5 of the Dungeon
  2215 | D:5      | Reached ** piety under Uskayaw
  2217 | D:5      | Reached *** piety under Uskayaw
  2218 | D:5      | Reached XP level 5. HP: 50/50 MP: 1/4
  2245 | D:5      | HP: 2/50 [orc/+0 whip (2)]
  2246 | D:5      | Mangled by an iguana

Illustrated notes

Levels and vault maps discovered:
D:1:      lightli_arrival_maybe_door_vault, layout_basic
D:2:      layout_basic, minmay_misc_feat_x, serial_bayou_pond_d
D:3:      layout_loops_corners, xom_teletrap_fun,
          gammafunk_temple_overflow_statue
D:4:      layout_rooms, kennysheep_little_box, nicolae_ru_path_of_blood,
          grunt_nemelex_the_gamble, minmay_temple_entry_stoned_glass,
          chequers_serial_rivers_micro_c, minmay_diced_spiral
D:5:      layout_basic, marbit_many_paths, skrybe_limestone_x,
          kennysheep_generic_room_9

Skill      XL: |  1  2  3  4 |
---------------+-------------+-----
Shields        | 3 |  3.0
Staves         | 2 3 |  3.8
Fighting       | |  2.4
Dodging        | |  2.4
Unarmed Combat | |  2.9

Action                   |  1- 3 |  4- 6 || total
-------------------------+-------+-------++-------
Melee: Unarmed           |    38 |       ||    38
       Quarterstaff      |    45 |    48 ||    93
  Use: Potion            |       |     2 ||     2
 Stab: Distracted        |     1 |       ||     1
       Paralysed         |       |     1 ||     1
Armor: Robe              |    21 |    14 ||    35
Dodge: Dodged            |    40 |    39 ||    79
Block: Kite shield       |    10 |       ||    10
